 Dungeon Crawl Stone Soup version 0.29.1-13-g9f3cf754e1 (webtiles) character file.

Game seed: 4595811523287869490

60 hbarley the Shield-Bearer (level 4, -7/41 HPs)
             Began as a Gnoll Fighter on Jan 31, 2023.
             Mangled by a gnoll
             ... wielding a +0 halberd
              (12 damage)
             ... on level 3 of the Dungeon.
             The game lasted 00:06:37 (1808 turns).

hbarley the Shield-Bearer (Gnoll Fighter)           Turns: 1808, Time: 00:06:37

Health: -7/41      AC:  9    Str: 15    XL:     4   Next: 4%
Magic:  5/5        EV:  9    Int:  8    God:
Gold:   112        SH:  5    Dex: 13    Spells: 5/5 levels left

rFire   . . .      SeeInvis .   a - +0 war axe
rCold   . . .      Faith    .   c - +0 buckler
rNeg    . . .      Spirit   .   b - +0 scale mail
rPois   .          Reflect  .   f - +0 helmet
rElec   .          Harm     .   (no cloak)
rCorr   .          Rampage  .   (no gloves)
Will    .....                   (no boots)
Stlth   ..........              (no amulet)
HPRegen 0.13/turn               (no ring)
MPRegen 0.09/turn               (no ring)

@: mighty
A: fangs 1, strong nose, distributed training
a: no special abilities


You were on level 3 of the Dungeon.
You visited 1 branch of the dungeon, and saw 3 of its levels.

You collected 112 gold pieces.

Inventory:

Hand Weapons
 a - a +0 war axe (weapon)
Armour
 b - a +0 scale mail (worn)
 c - a +0 buckler (worn)
 f - a +0 helmet (worn)
Magical Staves
 m - a staff of conjuration
Scrolls
 e - 3 scrolls of identify {unknown}
 g - a scroll of brand weapon {unknown}
 h - a scroll of enchant armour {unknown}
 i - a scroll of silence {unknown}
 o - a scroll of teleportation {unknown}
Potions
 j - a potion of brilliance {unknown}
 k - a potion of degeneration {unknown}
 l - a potion of mutation {unknown}
 n - a potion of invisibility {unknown}


   Skills:
 + Level 6.6 Fighting
 + Level 1.0 Short Blades
 + Level 1.0 Long Blades
 + Level 4.6 Axes
 + Level 1.0 Maces & Flails
 + Level 1.0 Polearms
 + Level 1.0 Staves
 + Level 1.0 Ranged Weapons
 + Level 1.0 Throwing
 + Level 6.6 Armour
 + Level 1.0 Dodging
 + Level 1.0 Stealth
 + Level 6.6 Shields
 + Level 1.0 Unarmed Combat
 + Level 1.0 Spellcasting
 + Level 0.8 Conjurations
 + Level 0.8 Hexes
 + Level 0.8 Summonings
 + Level 0.8 Necromancy
 + Level 0.8 Translocations
 + Level 0.8 Transmutations
 + Level 0.8 Fire Magic
 + Level 0.8 Ice Magic
 + Level 0.8 Air Magic
 + Level 0.8 Earth Magic
 + Level 0.8 Poison Magic
 + Level 1.1 Invocations
 + Level 1.0 Evocations


You had 5 spell levels left.
You didn't know any spells.
Your spell library was empty.

Dungeon Overview and Level Annotations

Branches:
Dungeon (3/15)

Altars:


Innate Abilities, Weirdness & Mutations

You have very sharp teeth.
Your uncanny sense of smell can sniff out nearby items.
Your experience applies equally to all skills.


Message History

Found 5 boomerangs.
A worm and a gnoll come into view.
The gnoll shouts!
You hear a shout!
A gnoll comes into view. It is wielding a +0 whip.
A gnoll comes into view. It is wielding a +1 vampiric whip.
A gnoll is nearby!
A gnoll is nearby!
The gnoll hits you from afar with a +0 halberd.
The gnoll closely misses you.
You closely miss the gnoll. The gnoll hits you with a +0 halberd!
You completely miss the gnoll. You bite the gnoll, but do no damage.
The gnoll closely misses you.
You barely miss the gnoll. The gnoll barely misses you.
A bat comes into view.
You hit the gnoll. Your bite misses the gnoll.
The gnoll is moderately wounded.
The gnoll hits you from afar with a +0 halberd.
You hit the gnoll.
The gnoll is lightly wounded.
The gnoll barely misses you. The gnoll hits you but does no damage.
You hit the gnoll.
The gnoll is moderately wounded.
You block the gnoll's attack. The gnoll barely misses you.
You hit the gnoll. Your bite misses the gnoll.
The gnoll is severely wounded.
You block the gnoll's attack. The gnoll hits you with a +0 whip.
The gnoll completely misses you. The gnoll closely misses you.
You hit the gnoll.
You kill the gnoll!
The bat hits you but does no damage. The bat barely misses you.
You block the gnoll's attack.
You have reached level 4!
You feel clever.
You feel very mighty all of a sudden. The bat hits you but does no damage.
The gnoll hits you from afar with a +0 halberd!
* * * LOW HITPOINT WARNING * * *
The gnoll shouts!
The bat closely misses you. The gnoll hits you with a +0 halberd!
You die...

######.## #.#
#.......# #.#
#.#...>.###.# .#
#...........# .#
######..##### .# #.
#..# .# # #.## w#
#.# ##### .####
######@###.g.##....#
#....bgw.g.#.......#
#.......##...##g####
###..(..##.### ..#
#####.##.# ..#
#.##.# g.. #.##..
g... #.#### ....#
#.# .g###


You could see a worm, 2 gnolls and a bat.

Vanquished Creatures
  A gnoll (D:3)
  An adder (D:2)
  A dart slug (D:1)
  2 endoplasms (D:2)
  A giant cockroach (D:1)
  5 goblins
  2 hobgoblins (D:1)
  2 jackals (D:1)
  2 quokkas (D:1)
  4 ball pythons
  5 bats
  5 frilled lizards
  6 kobolds
  5 rats
42 creatures vanquished.

Notes
Turn   | Place    | Note
-------+----------+-------------------------------------------
     0 | D:1      | hbarley the Gnoll Fighter began the quest for the Orb.
     0 | D:1      | Reached XP level 1. HP: 23/23 MP: 1/1
    42 | D:1      | Reached XP level 2. HP: 17/29 MP: 2/2
   731 | D:1      | Reached XP level 3. HP: 35/35 MP: 3/3
  1070 | D:2      | Reached skill level 1 in Invocations
  1293 | D:2      | Reached skill level 1 in Short Blades
  1293 | D:2      | Reached skill level 1 in Long Blades
  1293 | D:2      | Reached skill level 1 in Maces & Flails
  1293 | D:2      | Reached skill level 1 in Polearms
  1293 | D:2      | Reached skill level 1 in Staves
  1293 | D:2      | Reached skill level 1 in Ranged Weapons
  1293 | D:2      | Reached skill level 1 in Throwing
  1293 | D:2      | Reached skill level 1 in Dodging
  1293 | D:2      | Reached skill level 1 in Stealth
  1293 | D:2      | Reached skill level 1 in Unarmed Combat
  1293 | D:2      | Reached skill level 1 in Spellcasting
  1293 | D:2      | Reached skill level 1 in Evocations
  1807 | D:3      | Reached XP level 4. HP: 17/41 MP: 5/5
  1808 | D:3      | Mangled by a gnoll

Illustrated notes

Levels and vault maps discovered:
D:1:      elethiomel_arrival_quiet, layout_basic, minmay_pentomino_q2
D:2:      layout_loops_ring
D:3:      layout_loops_ring, serial_aquarium, aquarium_bridge_straight
          [aquarium_subvault_bridge, aquarium_subvault_window,
          aquarium_subvault_bridge, aquarium_subvault_wall], aquarium_window_3,
          aquarium_window_fake, aquarium_window_fake, aquarium_window_corner,
          aquarium_view_2c, aquarium_view_2b, aquarium_pool_2,
          kennysheep_generic_room_14

Skill      XL: |  1  2  3 |
---------------+----------+-----
Invocations    | 1 |  1.1
Short Blades   | 1 |  1.0
Long Blades    | 1 |  1.0
Maces & Flails | 1 |  1.0
Polearms       | 1 |  1.0
Staves         | 1 |  1.0
Ranged Weapons | 1 |  1.0
Throwing       | 1 |  1.0
Dodging        | 1 |  1.0
Stealth        | 1 |  1.0
Unarmed Combat | 1 |  1.0
Spellcasting   | 1 |  1.0
Evocations     | 1 |  1.0
Fighting       | |  6.6
Axes           | |  4.6
Armour         | |  6.6
Shields        | |  6.6
Conjurations   | |  0.8
Hexes          | |  0.8
Summonings     | |  0.8
Necromancy     | |  0.8
Translocations | |  0.8
Transmutations | |  0.8
Fire Magic     | |  0.8
Ice Magic      | |  0.8
Air Magic      | |  0.8
Earth Magic    | |  0.8
Poison Magic   | |  0.8

Action                   |  1- 3 |  4- 6 || total
-------------------------+-------+-------++-------
Melee: War axe           |   106 |       ||   106
       Bite              |     9 |       ||     9
  Use: Potion            |       |     1 ||     1
Armor: Scale mail        |    75 |     1 ||    76
Dodge: Dodged            |    49 |     1 ||    50
Block: Buckler           |    39 |       ||    39
